 Seeded DCSS version 0.31-a0-175-g9f7f995f2b (webtiles) character file.

Game seed: 11697059700666758213 (custom seed)

3912 innerfire43 the Carver (level 10, -1/75 HPs)
             Began as a Pale Draconian Monk on June 16, 2023.
             Was an Elder of Ru.
             Slain by a gnoll sergeant
             ... wielding a +2 spear of venom
              (2 damage)
             ... on level 8 of the Dungeon.
             The game lasted 00:13:00 (7025 turns).

innerfire43 the Carver (Pale Draconian Monk)        Turns: 7025, Time: 00:13:01

Health: -1/75      AC:  8    Str: 19    XL:     10   Next: 1%
Magic:  19/19      EV: 14    Int: 10    God:    Ru [****..]
Gold:   345        SH:  0    Dex: 13    Spells: 7/9 levels left

rFire   . . .        d - +4 scimitar (drain)
rCold   . . .        c - orb {light}
rNeg    . . .        (body armour unavailable)
rPois   .            (helmet restricted)
rElec   .            n - +0 cloak
rCorr   .            (no gloves)
SInv    .            (no boots)
Will    .....        (no amulet)
Stlth   +            g - ring of magical power
HPRegen 0.32/turn    l - ring of flight
MPRegen 0.16/turn

%: no passive effects
@: lethally poisoned (-1 -> -18), short of breath, weakened, flying, glowing
A: breathe steam, AC +7, unfitting armour, frail 1, cold-blooded, hated by all,
no hexes magic, no ice magic, no translocations magic, steam resistance
a: Breathe Steam, Renounce Religion, Draw Out Power, Power Leap


You were on level 8 of the Dungeon.
You worshipped Ru.
Ru was greatly pleased with you.
You visited 1 branch of the dungeon, and saw 8 of its levels.

You collected 345 gold pieces.

Inventory:

Hand Weapons
 a - a +0 falchion
 b - a +4 quarterstaff of chaos
 d - a +4 scimitar of draining (weapon)
 u - a +5 falchion of freezing
Missiles
 i - 2 throwing nets
Armour
 c - an orb of light (worn)
 n - a +0 cloak (worn)
 q - a +0 helmet
Jewellery
 g - a ring of magical power (left hand)
 l - a ring of flight (right hand)
 t - a ring of ice
Wands
 m - a wand of flame (12)
 o - a wand of acid (4)
Scrolls
 e - a scroll of fog
 f - a scroll of teleportation
 h - 6 scrolls of identify {unknown}
 k - a scroll of enchant armour {unknown}
 s - a scroll of amnesia {unknown}
Potions
 j - 2 potions of enlightenment {unknown}
 r - a potion of lignification {unknown}


   Skills:
 + Level 6.3 Fighting
 * Level 12.5 Long Blades
 + Level 5.3 Dodging
 * Level 2.9 Evocations


You had 7 spell levels left.
You knew the following spells:

 Your Spells              Type           Power      Damage    Failure   Level
a - Blink                 Tloc           0%         N/A       50%         2

Your spell library contained the following spells:

 Spells                   Type           Power      Damage    Failure   Level
 Magic Dart               Conj           0%         1d3       36%         1
 Mephitic Cloud           Conj/Pois/Air  0%         N/A       75%         3
 Blade Hands              Tmut           0%         N/A       100%        5
 Call Imp                 Summ           Unusable   N/A       N/A         2
 Lesser Beckoning         Tloc           Unusable   N/A       N/A         2
 Momentum Strike          Conj/Tloc      Unusable   3d8       N/A         2
 Portal Projectile        Hex/Tloc       Unusable   N/A       N/A         3
 Tukima's Dance           Hex            Unusable   N/A       N/A         3

Dungeon Overview and Level Annotations

Branches:
Dungeon (8/15)             Temple (0/1) D:5
   Lair: D:8-11

Altars:
Ashenzari
Ru
The Shining One

Shops:
D:3 [


Innate Abilities, Weirdness & Mutations

You can breathe blasts of scalding, opaque steam.
Your pale cyan-grey scales are hard. (AC +7)
You cannot fit into any form of body armour.
You are frail. (-10% HP)
You are cold-blooded and may be slowed by cold attacks.
You are hated by all.
You cannot study or cast Hexes magic.
You cannot study or cast Ice magic.
You cannot study or cast Translocations magic.
You are immune to the effects of steam.


Message History

Your attacks no longer feel as feeble.
You feel very sick.
The gnoll shouts!
The killer bee stings you.
The gnoll bouda calls upon its god to heal the gnoll.
The gnoll's wounds heal themselves!
A gnoll comes into view. It is wielding a +0 halberd.
The killer bee barely misses you.
The killer bee stings you but does no damage.
The gnoll sergeant hits you from afar with a +2 spear of venom!
The killer bee attacks as you move away!
The killer bee stings you but does no damage.
The killer bee attacks as you move away!
The killer bee closely misses you.
You feel very sick.
The gnoll is no longer moving slowly.
The gnoll bouda gazes fiercely through you!
You feel your attacks grow feeble.
The killer bee stings you but does no damage.
The killer bee barely misses you.
You feel very sick. The killer bee barely misses you.
The killer bee closely misses you.
The gnoll bouda barks out a call to the hunt!
The gnoll bouda picks up the pace!
The gnoll hits you from afar with a +0 halberd.
* * * LOW HITPOINT WARNING * * *
The gnoll sergeant hits you from afar with a +2 spear of venom.
* * * LOW HITPOINT WARNING * * *
You are more poisoned.
The killer bee stings you.
* * * LOW HITPOINT WARNING * * *
The killer bee stings you but does no damage.
There is a stone staircase leading up here.
* * * LOW HITPOINT WARNING * * *
You feel very sick. The killer bee completely misses you.
The killer bee stings you but does no damage.
The gnoll closely misses you.
The gnoll sergeant hits you from afar with a +2 spear of venom.
You die...

#.......#
###.......
...<....#
#......##
#.......#
###.......#
###.........#
......og@.#
.#....gyy.#
#.###....ggg.#
......g.g.g..#
.o..g.gg.....#
......)#.#####
.......#.#
......ยง#.#
g..)..g#.#


You could see a gnoll sergeant (swift), 2 gnoll boudas, 2 killer bees, 8 gnolls
and an orc.

Vanquished Creatures
  Pikel (D:5)
  A troll (D:6)
  A yak (D:6)
  An orc warrior (D:6)
  An ice beast (D:5)
  2 sky beasts (D:7)
  4 ogres
  2 centaurs
  A kobold brigand (D:7)
  5 bullfrogs
  4 scorpions
  4 wights (D:7)
  3 killer bees (D:7)
  3 howler monkeys
  5 orc priests
  Crazy Yiuf (D:2)
  2 gnoll boudas
  4 hounds
  4 jellies
  An iguana (D:6)
  9 orc wizards
  25 gnolls
  9 adders
  2 shadow imps
  3 white imps
  An ufetubus (D:6)
  A worm (D:5)
  A dart slug (D:5)
  24 orcs
  4 endoplasms
  A giant cockroach (D:1)
  4 goblins
  2 hobgoblins
  5 quokkas
  7 ball pythons
  4 bats
  2 frilled lizards (D:1)
  9 kobolds
  2 rats
165 creatures vanquished.

Vanquished Creatures (others)
  An adder (D:5)
  An orc (D:5)
2 creatures vanquished.

Grand Total: 167 creatures vanquished

Notes
Turn   | Place    | Note
-------+----------+-------------------------------------------
     0 | D:1      | innerfire43 the Draconian Monk began the quest for the Orb.
     0 | D:1      | Reached XP level 1. HP: 19/19 MP: 1/1
    77 | D:1      | Identified a scroll of acquirement
    77 | D:1      | Acquired a +2 heavy scimitar
   314 | D:1      | Reached XP level 2. HP: 22/26 MP: 2/2
  1045 | D:2      | Found a faded altar of an unknown god.
  1052 | D:2      | Prayed at the altar of an unknown god.
  1052 | D:2      | Became a worshipper of Ru the Awakened
  1057 | D:2      | Gained mutation: You are hated by all. [Ru sacrifice]
  1057 | D:2      | Reached * piety under Ru
  1057 | D:2      | Reached ** piety under Ru
  1195 | D:2      | Reached XP level 3. HP: 27/31 MP: 3/3
  1423 | D:2      | Found a runed translucent door.
  1424 | D:2      | Noticed Crazy Yiuf
  1692 | D:2      | Killed Crazy Yiuf
  1693 | D:2      | Reached skill level 4 in Long Blades
  1821 | D:3      | Noticed an ogre
  1826 | D:3      | Killed an ogre
  1827 | D:3      | Reached XP level 4. HP: 39/40 MP: 4/4
  1827 | D:3      | Reached XP level 5. HP: 45/46 MP: 5/5
  1874 | D:3      | Reached skill level 5 in Long Blades
  1962 | D:3      | Found Afixaha's Armour Shop.
  2378 | D:3      | Reached XP level 6. HP: 17/52 MP: 6/6
  2666 | D:4      | Reached skill level 6 in Long Blades
  2749 | D:4      | Reached skill level 7 in Long Blades
  2906 | D:4      | Your scales start taking on a pale cyan-grey colour.
  2906 | D:4      | Reached XP level 7. HP: 54/60 MP: 7/7
  2906 | D:4      | Gained mutation: You are immune to the effects of steam.
                  | [Pale Draconian growth]
  3382 | D:5      | Entered Level 5 of the Dungeon
  3442 | D:5      | Reached skill level 8 in Long Blades
  3621 | D:5      | Noticed Pikel
  3634 | D:5      | Killed Pikel
  3635 | D:5      | Reached skill level 5 in Fighting
  3635 | D:5      | Reached skill level 9 in Long Blades
  3635 | D:5      | Reached skill level 1 in Evocations
  3635 | D:5      | Reached XP level 8. HP: 17/68 MP: 8/8
  3638 | D:5      | Learned a level 2 spell: Blink
  3638 | D:5      | Gained mutation: You cannot study or cast Ice magic. [Ru
                  | sacrifice]
  3638 | D:5      | Gained mutation: You cannot study or cast Hexes magic. [Ru
                  | sacrifice]
  3638 | D:5      | Gained mutation: You cannot study or cast Translocations
                  | magic. [Ru sacrifice]
  3638 | D:5      | Reached *** piety under Ru
  3818 | D:5      | Found a broken altar of Ashenzari.
  3818 | D:5      | Found a glowing golden altar of the Shining One.
  3950 | D:5      | Found a staircase to the Ecumenical Temple.
  3997 | D:5      | Reached skill level 10 in Long Blades
  4901 | D:6      | Reached XP level 9. HP: 59/74 MP: 9/9
  5067 | D:6      | Reached skill level 11 in Long Blades
  5325 | D:6      | Noticed a troll
  5332 | D:6      | Killed a troll
  5694 | D:7      | Reached skill level 5 in Dodging
  6045 | D:7      | Reached skill level 12 in Long Blades
  6278 | D:7      | Gained mutation: You are frail. (-10% HP) [Ru sacrifice]
  6278 | D:7      | Reached **** piety under Ru
  6600 | D:7      | Reached XP level 10. HP: 56/75 MP: 10/10
  7025 | D:8      | HP: 1/75 [poisoned by a gnoll sergeant]
  7025 | D:8      | Slain by a gnoll sergeant

Illustrated notes

Levels and vault maps discovered:
D:1:      tarquinn_simple_flora_water_d, layout_basic, chequers_mini_garden,
          minmay_tiny_reverse_x
D:2:      layout_basic, ebering_ecumenical_altar_box, minmay_split_cup_large,
          uniq_crazy_yiuf_cottage
D:3:      layout_loops_ring, serial_shops, nicolae_shop_rolling_square,
          minivault_27
D:4:      layout_cave_pools
D:5:      layout_rooms, grunt_temple_overflow_open,
          minmay_temple_entry_antechambers, grunt_ministairs_15,
          saegor_snake_ambush, uniq_pikel
D:6:      kennysheep_big_flooded_room, layout_loops_ring
D:7:      layout_layer_cave, minmay_a_box_with_orc_wizards_in_it
D:8:      layout_rooms, hangedman_decor_peaks_small, uniq_grum

Skill      XL: |  1  2  3  4  5  6  7  8  9 |
---------------+----------------------------+-----
Dodging        | 3 4 5 |  5.3
Long Blades    | 4 5 7 9 10 12 | 12.5
Fighting       | 4 5 6 |  6.3
Evocations     | 1 2 |  2.9

Action                     |  1- 3 |  4- 6 |  7- 9 | 10-12 || total
---------------------------+-------+-------+-------+-------++-------
  Melee: Scimitar          |    47 |    43 |   287 |     4 ||   381
         Falchion          |     8 |       |       |       ||     8
         Tailslap          |     4 |     3 |    35 |       ||    42
 Invoke: Sacrifice Love    |     1 |       |       |       ||     1
         Sacrifice Arcana  |       |       |     1 |       ||     1
         Sacrifice Health  |       |       |     1 |       ||     1
Ability: Breathe Steam     |       |       |       |     1 ||     1
    Use: Scroll            |     1 |     5 |     4 |     1 ||    11
         Potion            |     1 |       |       |       ||     1
   Stab: Confused          |       |       |     1 |       ||     1
         Distracted        |       |       |     1 |       ||     1
 Armour: Skin              |    22 |    14 |    84 |     9 ||   129
  Dodge: Dodged            |    42 |    37 |   199 |    23 ||   301

Table legend: (Time is in decaauts)
 A = Elapsed time spent in this place.
 B = Non-inter-level travel time spent in this place.
 C = Inter-level travel time spent in this place.
 D = Time resting spent in this place.
 E = Time spent auto-exploring this place.
 F = Levels seen in this place.
 G = Mean time per level.
                   A        B        C        D        E       F      G
               +--------+--------+--------+--------+--------+-----+--------+
         Total |   7070 |   6921 |    149 |      0 |   5965 |   8 |  883.8 |
       Dungeon |   7070 |   6921 |    149 |      0 |   5965 |   8 |  883.8 |
               +--------+--------+--------+--------+--------+-----+--------+

Top non-repeatable levels by time:
     D:7: 1335 daAuts
     D:5: 1327 daAuts
     D:1: 1005 daAuts
     D:6: 950 daAuts
     D:3: 869 daAuts
     D:2: 831 daAuts
     D:4: 729 daAuts
     D:8: 19 daAuts
